| TOP OF THE 1ST |
|
Scranton WB RailRiders batting - Pitching for Salt Lake Bees : RHP Ricky Castillo
|
|
Pitching: RHP Ricky Castillo
|
|
|
Batting: SHB Jay Gagnon
|
0-0: Ball 1-0: Foul Ball, location: 2F 1-1: Ball 2-1: Foul Ball, location: 2F 2-2: Fly out, F9 (Flyball, 9LD, EV 94.4 MPH)
|
|
Batting: RHB Josh Zoglmann
|
0-0: Called Strike 0-1: Swinging Strike 0-2: Foul Ball, location: 2F 0-2: Foul Ball, location: 2F 0-2: Ball 1-2: Ground out 5-3 (Groundball, 5, EV 104.4 MPH)
|
|
Batting: SHB Victor Ruiz
|
0-0: Swinging Strike 0-1: Ball 1-1: Ball 2-1: SINGLE (Line Drive, 8RS, EV 105.6 MPH)
|
|
Batting: LHB Aaron Joyner
|
0-0: Ball 1-0: Foul Ball, location: 2F 1-1: Ball 2-1: Called Strike 2-2: Ball 3-2: Base on Balls Victor Ruiz to second
|
|
Batting: RHB Jerry Castro
|
0-0: Called Strike 0-1: Ball 1-1: Foul Ball, location: 2F 1-2: Foul Ball, location: 2F 1-2: Fly out, F9 (Flyball, 89M, EV 91.2 MPH)
|
| Top of the 1st over - 0 runs, 1 hit, 0 errors, 2 left on base; Scranton WB 0 - Salt Lake 0 |
| BOTTOM OF THE 1ST |
|
Salt Lake Bees batting - Pitching for Scranton WB RailRiders : RHP Bret Davies
|
|
Pitching: RHP Bret Davies
|
|
|
Batting: RHB Kian-tat Chen
|
0-0: Ball 1-0: Called Strike 1-1: Foul Ball, location: 2F 1-2: Foul Ball, location: 2F 1-2: Ground out 4-3 (Groundball, 4, EV 103.1 MPH)
|
|
Batting: RHB Josh Faulconer
|
0-0: Called Strike 0-1: Ball 1-1: Ball 2-1: Foul Ball, location: 2F 2-2: Ground out 4-3 (Groundball, 4, EV 96.9 MPH)
|
|
Batting: LHB Micah Miller
|
0-0: Foul Ball, location: 2F 0-1: Ball 1-1: Ball 2-1: Ground out U3 (Groundball, 34, EV 103.1 MPH)
|
| Bottom of the 1st over - 0 runs, 0 hits, 0 errors, 0 left on base; Scranton WB 0 - Salt Lake 0 |
| TOP OF THE 2ND |
|
Scranton WB RailRiders batting - Pitching for Salt Lake Bees : RHP Ricky Castillo
|
|
Batting: SHB Joe Fure
|
0-0: Swinging Strike 0-1: Called Strike 0-2: Ball 1-2: Ball 2-2: Foul Ball, location: 2F 2-2: Fly out, F7 (Flyball, 7S, EV 90.0 MPH)
|
|
Batting: SHB Ryan Buchbinder
|
0-0: Ball 1-0: Ball 2-0: Ball 3-0: Called Strike 3-1: Called Strike 3-2: Base on Balls
|
|
Batting: RHB Mike Gifford
|
0-0: Ball 1-0: Ball 2-0: Foul Ball, location: 2F 2-1: Foul Ball, location: 2F 2-2: Foul Ball, location: 2F 2-2: Strikes out swinging
|
|
Batting: SHB Jose Vargas
|
0-0: Swinging Strike 0-1: Foul Ball, location: 2F 0-2: Ball 1-2: Foul Ball, location: 2F 1-2: SINGLE (Groundball, 4D, EV 97.5 MPH) Ryan Buchbinder to second Runner from 2nd tries for 3rd, SAFE, throw by CF made to third
|
|
Batting: SHB Jay Gagnon
|
0-0: Called Strike 0-1: DOUBLE (Line Drive, 78D, EV 100.6 MPH) Ryan Buchbinder scores Jose Vargas to third Runner from 3rd tries for Home, SAFE, throw by LF to home
|
|
Batting: RHB Josh Zoglmann
|
0-0: Ball 1-0: Called Strike Jay Gagnon steals 3rd base 1-1: Foul Ball, location: 2F 1-2: Ground out 6-3 (Groundball, 6, EV 102.5 MPH)
|
| Top of the 2nd over - 2 runs, 2 hits, 0 errors, 1 left on base; Scranton WB 2 - Salt Lake 0 |
| BOTTOM OF THE 2ND |
|
Salt Lake Bees batting - Pitching for Scranton WB RailRiders : RHP Bret Davies
|
|
Batting: SHB Mario Padron
|
0-0: Ball 1-0: Ball 2-0: Ball 3-0: Called Strike 3-1: Foul Ball, location: 2F 3-2: Foul Ball, location: 2F 3-2: Hit by Pitch
|
|
Batting: RHB Ryuji Ito
|
0-0: Called Strike 0-1: Ball 1-1: Foul Ball, location: 2F 1-2: Ground out 5-3 (Groundball, 56S, EV 69.4 MPH) Mario Padron to second
|
|
Batting: RHB Jimmy Buzard
|
0-0: Ball 1-0: Swinging Strike 1-1: Foul Ball, location: 2F 1-2: DOUBLE (Groundball, 3L, EV 93.8 MPH) Mario Padron scores
|
|
Batting: RHB Timoleon Tsikouna
|
0-0: Ball 1-0: Ball 2-0: Called Strike 2-1: Ball 3-1: Foul Ball, location: 2F 3-2: Foul Ball, location: 2F 3-2: Strikes out swinging
|
|
Batting: LHB Larry Prey
|
0-0: Ball 1-0: Called Strike 1-1: SINGLE (Flyball, 78S, EV 90.0 MPH) Jimmy Buzard to third
|
|
Batting: LHB Barrfhionn O'Toole
|
0-0: Ball 1-0: Called Strike 1-1: Foul Ball, location: 2F 1-2: Foul Ball, location: 2F 1-2: Ball 2-2: Foul Ball, location: 2F 2-2: Ground out 1-3 (Groundball, 15, EV 70.6 MPH)
|
| Bottom of the 2nd over - 1 run, 2 hits, 0 errors, 2 left on base; Scranton WB 2 - Salt Lake 1 |
| TOP OF THE 3RD |
|
Scranton WB RailRiders batting - Pitching for Salt Lake Bees : RHP Ricky Castillo
|
|
Batting: SHB Victor Ruiz
|
0-0: Called Strike 0-1: Called Strike 0-2: Strikes out swinging
|
|
Batting: LHB Aaron Joyner
|
0-0: Ball 1-0: Called Strike 1-1: Called Strike 1-2: Ball 2-2: Ball 3-2: Fly out, F9 (Flyball, 9LDF, EV 107.5 MPH)
|
|
Batting: RHB Jerry Castro
|
0-0: Ball 1-0: Foul Ball, location: 2F 1-1: Ball 2-1: Ball 3-1: Base on Balls
|
|
Batting: SHB Joe Fure
|
0-0: Called Strike 0-1: Ball 1-1: Ball 2-1: Called Strike 2-2: SINGLE (Groundball, 6D, EV 96.2 MPH) Jerry Castro to second
|
|
Batting: SHB Ryan Buchbinder
|
0-0: Called Strike 0-1: Foul Ball, location: 2F 0-2: Foul Ball, location: 2F 0-2: Strikes out swinging
|
| Top of the 3rd over - 0 runs, 1 hit, 0 errors, 2 left on base; Scranton WB 2 - Salt Lake 1 |
| BOTTOM OF THE 3RD |
|
Salt Lake Bees batting - Pitching for Scranton WB RailRiders : RHP Bret Davies
|
|
Batting: RHB Kian-tat Chen
|
0-0: Ball 1-0: Ground out 4-3 (Groundball, 4, EV 78.1 MPH)
|
|
Batting: RHB Josh Faulconer
|
0-0: Ball 1-0: SINGLE (Groundball, 6MD, EV 108.1 MPH)
|
|
Batting: LHB Micah Miller
|
0-0: Ball 1-0: Ball 2-0: Called Strike 2-1: Ball 3-1: 2-RUN HOME RUN (Flyball, 9D, EV 95.0 MPH), Distance : 373 ft
|
|
Batting: SHB Mario Padron
|
0-0: Ball 1-0: Ball 2-0: Fly out, F7 (Flyball, 7D, EV 103.1 MPH)
|
|
Batting: RHB Ryuji Ito
|
0-0: Ball 1-0: Foul Ball, location: 2F 1-1: Ball 2-1: Ball 3-1: Fly out, F6 (Line Drive, 6, EV 74.4 MPH)
|
| Bottom of the 3rd over - 2 runs, 2 hits, 0 errors, 0 left on base; Scranton WB 2 - Salt Lake 3 |
| TOP OF THE 4TH |
|
Scranton WB RailRiders batting - Pitching for Salt Lake Bees : RHP Ricky Castillo
|
|
Batting: RHB Mike Gifford
|
0-0: Ball 1-0: Ball 2-0: Called Strike 2-1: Called Strike 2-2: Foul Ball, location: 2F 2-2: Foul Ball, location: 2F 2-2: Strikes out swinging
|
|
Batting: SHB Jose Vargas
|
0-0: Called Strike 0-1: SINGLE (Groundball, 34D, EV 97.5 MPH)
|
|
Batting: SHB Jay Gagnon
|
0-0: Fielders Choice at 2nd, 4-6 (Groundball, 4, EV 83.8 MPH)
|
|
Batting: RHB Josh Zoglmann
|
0-0: Called Strike 0-1: Called Strike 0-2: Strikes out swinging
|
| Top of the 4th over - 0 runs, 1 hit, 0 errors, 1 left on base; Scranton WB 2 - Salt Lake 3 |
| BOTTOM OF THE 4TH |
|
Salt Lake Bees batting - Pitching for Scranton WB RailRiders : RHP Bret Davies
|
|
Batting: RHB Jimmy Buzard
|
0-0: DOUBLE (Flyball, 89XD, EV 115.6 MPH)
|
|
Batting: RHB Timoleon Tsikouna
|
0-0: Ball 1-0: Called Strike 1-1: Called Strike 1-2: Foul Ball, location: 2F 1-2: Ball 2-2: Foul Ball, location: 2F 2-2: Ball 3-2: Strikes out looking
|
|
Batting: LHB Larry Prey
|
0-0: Foul Ball, location: 2F 0-1: Ball 1-1: Ball 2-1: SINGLE (Groundball, 4MD, EV 108.1 MPH) Jimmy Buzard to third Runner from 3rd tries for Home, SAFE, throw by CF to home
|
|
Pitching: RHP Ray Richards
|
|
|
Batting: LHB Barrfhionn O'Toole
|
0-0: Ball 1-0: Ball 2-0: Ball 3-0: Base on Balls Larry Prey to second
|
|
Batting: RHB Kian-tat Chen
|
0-0: Foul Ball, location: 2F 0-1: Ball 1-1: Called Strike 1-2: Ball 2-2: Strikes out swinging
|
|
Batting: RHB Josh Faulconer
|
0-0: Fielders Choice at 2nd, 6-4 (Groundball, 6, EV 83.1 MPH)
|
| Bottom of the 4th over - 1 run, 2 hits, 0 errors, 2 left on base; Scranton WB 2 - Salt Lake 4 |
| TOP OF THE 5TH |
|
Scranton WB RailRiders batting - Pitching for Salt Lake Bees : RHP Ricky Castillo
|
|
Batting: SHB Victor Ruiz
|
0-0: Called Strike 0-1: Swinging Strike 0-2: Ball 1-2: Strikes out looking
|
|
Batting: LHB Aaron Joyner
|
0-0: Ball 1-0: Called Strike 1-1: Fly out, F4 (Popup, 4D, EV 46.2 MPH)
|
|
Batting: RHB Jerry Castro
|
0-0: Ground out 4-3 (Groundball, 4D, EV 85.6 MPH)
|
| Top of the 5th over - 0 runs, 0 hits, 0 errors, 0 left on base; Scranton WB 2 - Salt Lake 4 |
| BOTTOM OF THE 5TH |
|
Salt Lake Bees batting - Pitching for Scranton WB RailRiders : RHP Ray Richards
|
|
Batting: LHB Micah Miller
|
0-0: Foul Ball, location: 2F 0-1: Foul Ball, location: 2F 0-2: Ball 1-2: Ground out 2-3 (Groundball, 2L, EV 70.0 MPH)
|
|
Batting: SHB Mario Padron
|
0-0: Foul Ball, location: 2F 0-1: Ball 1-1: Called Strike 1-2: Ball 2-2: Foul Ball, location: 2F 2-2: Foul Ball, location: 2F 2-2: Foul Ball, location: 2F 2-2: Ball 3-2: Fly out, F9 (Line Drive, 9LM, EV 95.0 MPH)
|
|
Batting: RHB Ryuji Ito
|
0-0: Called Strike 0-1: Ball 1-1: Swinging Strike 1-2: Ball 2-2: Strikes out looking
|
| Bottom of the 5th over - 0 runs, 0 hits, 0 errors, 0 left on base; Scranton WB 2 - Salt Lake 4 |
| TOP OF THE 6TH |
|
Scranton WB RailRiders batting - Pitching for Salt Lake Bees : RHP Ricky Castillo
|
|
Pitching: LHP Bryan Payne
|
|
|
Batting: SHB Joe Fure
|
0-0: Called Strike 0-1: Foul Ball, location: 2F 0-2: Ball 1-2: Ground out 6-3 (Groundball, 6, EV 105.0 MPH)
|
|
Batting: SHB Ryan Buchbinder
|
0-0: Ball 1-0: Foul Ball, location: 2F 1-1: Ground out 5-3 (Groundball, 56, EV 77.5 MPH)
|
|
Batting: RHB Mike Gifford
|
0-0: Ball 1-0: Ground out 6-3 (Groundball, 56, EV 81.2 MPH)
|
| Top of the 6th over - 0 runs, 0 hits, 0 errors, 0 left on base; Scranton WB 2 - Salt Lake 4 |
| BOTTOM OF THE 6TH |
|
Salt Lake Bees batting - Pitching for Scranton WB RailRiders : RHP Ray Richards
|
|
Batting: RHB Jimmy Buzard
|
0-0: Fly out, F6 (Popup, 6MD, EV 52.5 MPH)
|
|
Batting: RHB Timoleon Tsikouna
|
0-0: Ball 1-0: Ball 2-0: Ground out 6-3 (Groundball, 4M, EV 100.0 MPH)
|
|
Batting: LHB Larry Prey
|
0-0: Ball 1-0: Ball 2-0: Ball 3-0: Base on Balls
|
|
Batting: LHB Barrfhionn O'Toole
|
0-0: Ball 1-0: Called Strike 1-1: Ball Larry Prey steals 2nd base (no throw) 2-1: Called Strike 2-2: Foul Ball, location: 2F 2-2: Foul Ball, location: 2F 2-2: Fly out, F8 (Flyball, 8RD, EV 105.6 MPH)
|
| Bottom of the 6th over - 0 runs, 0 hits, 0 errors, 1 left on base; Scranton WB 2 - Salt Lake 4 |
| TOP OF THE 7TH |
|
Scranton WB RailRiders batting - Pitching for Salt Lake Bees : LHP Bryan Payne
|
|
Batting: SHB Jose Vargas
|
0-0: Called Strike 0-1: Ball 1-1: Foul Ball, location: 2F 1-2: Ball 2-2: Ground out 6-3 (Groundball, 6, EV 101.9 MPH)
|
|
Batting: SHB Jay Gagnon
|
0-0: Called Strike 0-1: Fly out, F9 (Flyball, 89S, EV 86.2 MPH)
|
|
Batting: RHB Josh Zoglmann
|
0-0: Ground out 6-3 (Groundball, 6, EV 86.9 MPH)
|
| Top of the 7th over - 0 runs, 0 hits, 0 errors, 0 left on base; Scranton WB 2 - Salt Lake 4 |
| BOTTOM OF THE 7TH |
|
Salt Lake Bees batting - Pitching for Scranton WB RailRiders : RHP Ray Richards
|
|
Pitching: RHP Johnny Marquez
|
|
|
Batting: RHB Kian-tat Chen
|
0-0: Called Strike 0-1: Ball 1-1: Called Strike 1-2: Foul Ball, location: 2F 1-2: Ball 2-2: Fly out, F8 (Flyball, 8RXD, EV 108.8 MPH)
|
|
Batting: RHB Josh Faulconer
|
0-0: Called Strike 0-1: Called Strike 0-2: Foul Ball, location: 2F 0-2: Fly out, F8 (Flyball, 8LM, EV 96.2 MPH)
|
|
Batting: LHB Micah Miller
|
0-0: Ball 1-0: Called Strike 1-1: Foul Ball, location: 2F 1-2: Strikes out swinging
|
| Bottom of the 7th over - 0 runs, 0 hits, 0 errors, 0 left on base; Scranton WB 2 - Salt Lake 4 |
| TOP OF THE 8TH |
|
Scranton WB RailRiders batting - Pitching for Salt Lake Bees : LHP Bryan Payne
|
|
Batting: SHB Victor Ruiz
|
0-0: Ball 1-0: Ball 2-0: Called Strike 2-1: Called Strike 2-2: Ball 3-2: Foul Ball, location: 2F 3-2: Base on Balls
|
|
Pinch Hitting: RHB Devon Utley
|
0-0: Ball 1-0: Ball 2-0: Ball 3-0: Base on Balls Victor Ruiz to second
|
|
Pinch Runner at 2nd Andy Wasierski:
|
|
|
Batting: RHB Jerry Castro
|
0-0: Called Strike 0-1: Ball 1-1: Fly out, F9 (Flyball, 9D, EV 91.2 MPH) Runner from 2nd tags up, SAFE at 3rd, no throw by RF
|
|
Batting: SHB Joe Fure
|
0-0: Ball 1-0: Foul Ball, location: 2F 1-1: Grounds into double play, 6-4-3 (Groundball, 6, EV 81.2 MPH)
|
| Top of the 8th over - 0 runs, 0 hits, 0 errors, 1 left on base; Scranton WB 2 - Salt Lake 4 |
| BOTTOM OF THE 8TH |
|
Salt Lake Bees batting - Pitching for Scranton WB RailRiders : RHP Johnny Marquez
|
|
Now in RF: Jose Lebron
|
|
|
Batting: SHB Mario Padron
|
0-0: Fly out, F5 (Popup, 25F, EV 83.1 MPH)
|
|
Batting: RHB Ryuji Ito
|
0-0: Called Strike 0-1: Ground out 4-3 (Groundball, 34D, EV 103.1 MPH)
|
|
Batting: RHB Jimmy Buzard
|
0-0: Ground out U3 (Groundball, 13, EV 78.8 MPH)
|
| Bottom of the 8th over - 0 runs, 0 hits, 0 errors, 0 left on base; Scranton WB 2 - Salt Lake 4 |
| TOP OF THE 9TH |
|
Scranton WB RailRiders batting - Pitching for Salt Lake Bees : LHP Bryan Payne
|
|
Pitching: LHP Vinny Zavala
|
|
|
Batting: SHB Ryan Buchbinder
|
0-0: Foul Ball, location: 2F 0-1: Ball 1-1: Swinging Strike 1-2: Foul Ball, location: 2F 1-2: Fly out, F7 (Flyball, 7, EV 83.8 MPH)
|
|
Batting: RHB Mike Gifford
|
0-0: Ball 1-0: Ball 2-0: Ball 3-0: Called Strike 3-1: Base on Balls
|
|
Batting: SHB Jose Vargas
|
0-0: Foul Ball, location: 2F 0-1: Ball 1-1: Foul Ball, location: 2F 1-2: Grounds into double play, 6-4-3 (Groundball, 6, EV 93.1 MPH)
|
| Top of the 9th over - 0 runs, 0 hits, 0 errors, 0 left on base; Scranton WB 2 - Salt Lake 4 |
|